AoeStats
← ChessPro2007

Arena

510909025Analyzed
2v2 RM · 18h ago on Oct 3, 2026· 68m 15s· 4 players
Game mode
Random Map
Map size
Medium (4 player)
Population
200
Speed
Normal
Resources
Standard
Victory
Conquest
Starting age
Dark Age
Ending age
Imperial Age
RankedLock teamsTeams togetherTeam positionsShared explorationLock speedFull tech treeHidden civsTurbo modeCheats
Victory
Defeat
🇨🇴 Goths · Colombia
1137
+17
🇵🇪 Franks · Peru
1109
+17
🇺🇸 Bohemians · United States
1169
-18
🇺🇸 Berbers · United States
1125
-16
duvaniglesias70
11:06 Feudal Age
15:05 Castle Age
13:33 Double-Bit Axe
16:40 Wheelbarrow
20:14 Bow Saw
21:14 Horse Collar
29:39 Imperial Age
27:52 Anarchy
28:08 Forging
27:58 Scale Mail Armor
28:59 Squires
30:14 Chain Mail Armor
31:33 Caravan
32:05 Gold Mining
34:59 Chemistry
34:22 Town Watch
35:13 Perfusion
35:54 Town Patrol
36:26 Loom
36:33 Pikeman
37:50 Halberdier
43:30 Hand Cart
48:36 Elite Huskarl
49:54 Iron Casting
53:38 Blast Furnace
larc87
10:16 Feudal Age
14:23 Castle Age
12:24 Loom
27:55 Imperial Age
26:08 Scale Mail Armor
27:43 Forging
31:42 Chain Mail Armor
32:24 Wheelbarrow
38:53 Double-Bit Axe
39:55 Gold Mining
39:57 Stone Mining
40:43 Scale Barding Armor
41:29 Bow Saw
41:59 Iron Casting
42:09 Chain Barding Armor
42:25 Husbandry
42:12 Cavalier
45:31 Blast Furnace
46:06 Plate Barding Armor
47:32 Hand Cart
48:11 Gold Shaft Mining
47:47 Fletching
47:58 Padded Archer Armor
47:54 Gambesons
48:10 Squires
47:55 Arson
48:45 Town Watch
49:13 Bodkin Arrow
48:57 Paladin
49:24 Elite Throwing Axeman
50:54 Ballistics
51:35 Chemistry
50:31 Murder Holes
51:00 Leather Archer Armor
51:34 Chivalry
55:31 Light Cavalry
56:47 Onager
58:14 Siege Engineers
MuMu4U4U
8:08 Loom
11:52 Feudal Age
20:17 Castle Age
21:13 Fletching
26:23 Fortified Wall
38:38 Imperial Age
39:17 Chemistry
41:30 Chemistry
48:09 Pikeman
ChessPro2007
10:44 Feudal Age
11:28 Double-Bit Axe
13:53 Horse Collar
18:47 Castle Age
20:10 Fletching
21:32 Husbandry
22:28 Bodkin Arrow
24:21 Wheelbarrow
23:31 Loom
23:31 Town Watch
25:44 Hand Cart
27:03 Bow Saw
27:03 Gold Mining
28:50 Heavy Plow
29:17 Thumb Ring
29:24 Bloodlines
33:31 Imperial Age
31:19 Fortified Wall
31:10 Stone Mining
33:43 Heavy Scorpion
35:10 Ballistics
34:29 Light Cavalry
36:40 Chemistry
36:42 Heavy Camel Rider
37:34 Scale Barding Armor
37:39 Forging
37:45 Siege Engineers
47:59 Conscription
50:39 Chain Barding Armor
52:34 Plate Barding Armor
52:34 Iron Casting
52:48 Gold Shaft Mining
Connection lost

Rejoining the realm…

Still unreachable

The connection could not be restored.

Session expired

The server has moved on; the page needs a fresh start.